 Dungeon Crawl Stone Soup version 0.28.0-1-gb440e238dd (webtiles) character file.

Game seed: 14192714646827768840

26 unlimited1921 the Magician (level 3, -2/26 HPs)
             Began as a Djinni Fire Elementalist on Feb 25, 2022.
             Shot with a stone by a goblin (5 damage)
             ... led by Robin
             ... on level 2 of the Dungeon.
             The game lasted 00:03:26 (2131 turns).

unlimited1921 the Magician (DjFE)                   Turns: 2131, Time: 00:03:27

Health: -2/26      AC:  4    Str:  7    XL:     3   Next: 22%
Gold:   58         EV: 12    Int: 18    God:
                   SH:  0    Dex: 13

rFire   + + .      SeeInvis .   i - +1 dagger (venom)
rCold   x . .      Faith    .   (no shield)
rNeg    . . .      Spirit   .   a - +0 robe
rPois   ∞          Reflect  .   (no helmet)
rElec   .          Harm     .   g - +1 cloak
rCorr   .          Rampage  .   (no gloves)
Will    .....                   (boots unavailable)
Stlth   ++........              (no amulet)
HPRegen 0.08/turn               (no ring)
MPRegen 0.00/turn               (no ring)

@: flying
A: sickness immunity, fire resistance 2, cold vulnerability 1, float, innate
caster, HP casting, extra vitality 1
a: no special abilities


You were on level 2 of the Dungeon.
You visited 1 branch of the dungeon, and saw 2 of its levels.

You collected 58 gold pieces.

Inventory:

Hand Weapons
 i - a +1 dagger of venom (weapon)
 j - a +0 hunting sling
Missiles
 d - 2 poisoned darts (quivered)
 e - 28 bolts
 h - 136 stones
 m - 12 sling bullets
Armour
 a - a +0 robe (worn)
 g - a +1 cloak (worn)
Wands
 k - a wand of paralysis (6)
Scrolls
 f - a scroll of torment {unknown}
Potions
 b - a potion of ambrosia {unknown}
 c - a potion of curing {unknown}
 l - a potion of flight {unknown}
 n - a potion of attraction {unknown}


   Skills:
 * Level 0.8 Fighting
 + Level 2.3 Dodging
 + Level 1.7 Stealth
 + Level 3.0 Spellcasting


You couldn't memorise any spells.
You knew the following spells:

 Your Spells              Type           Power      Damage    Failure   Level
a - Foxfire               Conj/Fire      52%        2x1d6     4%          1
b - Scorch                Fire           26%        2d6       7%          2
c - Conjure Flame         Conj/Fire      13%        6-21      14%         3
d - Inner Flame           Hex/Fire       13%        N/A       14%         3
e - Flame Wave            Conj/Fire      13%        2d6       43%         4
f - Sandblast             Erth           26%        2d8       4%          1
Your spell library was empty.

Dungeon Overview and Level Annotations

Branches:
Dungeon (2/15)

Altars:


Innate Abilities, Weirdness & Mutations

You are immune to sickness and miasma.
You are immune to poison.
Your flesh is very heat resistant. (rF++)
You are vulnerable to cold. (rC-)
You float through the air rather than walking.
You learn spells naturally, not from books.
Your magical power is your life essence.
You have superior vitality. (+4 MHP)


Message History

You kill the goblin!
The goblin shouts!
You hear a shout!
You have reached level 3!
Your experience leads to an increase in your attributes!
Increase (S)trength, (I)ntelligence, or (D)exterity?
You feel clever. x2
The power to cast Sandblast wells up from within.
Spell assigned to 'f'.
Casting: Scorch (safe; 8% risk of failure)
Confirm with . or Enter, or press ? or * to list all spells.
You don't know that spell.
Casting: Scorch (safe; 8% risk of failure)
Confirm with . or Enter, or press ? or * to list all spells.
Flames lash the goblin.
You kill the goblin!
Casting: Scorch (safe; 8% risk of failure)
Confirm with . or Enter, or press ? or * to list all spells.
Flames lash the goblin.
You kill the goblin!
A goblin comes into view. It is wielding a +0 dagger.
Casting: Scorch (safe; 8% risk of failure)
Confirm with . or Enter, or press ? or * to list all spells.
Flames lash the goblin.
You kill the goblin!
Casting: Scorch (safe; 8% risk of failure)
Confirm with . or Enter, or press ? or * to list all spells.
Flames lash the goblin.
You kill the goblin!
You hear an angry hiss.
The goblin unwields a +0 dagger.
The goblin wields a +0 hunting sling.
The goblin shoots a stone.
The stone hits you.
The goblin unwields a +0 club.
The goblin wields a +0 hunting sling.
The goblin shoots a sling bullet.
The sling bullet hits you.
* * * LOW HITPOINT WARNING * * *
Your Spellcasting skill increases to level 3!
An adder comes into view.
Things that are here:
a +0 club; a kobold corpse The goblin shoots a stone.
The stone hits you.
You die...

##.#######
##.#.#
.........#
#....#
...#####.#
#..###
.### #..#
## #..#
######..#
#.......#
#.####.##
#@# #.# #
#)#
#...###.#
...gg.g.#
#.S.#####
##


You could see a goblin.

Vanquished Creatures
  2 ball pythons
  An endoplasm (D:2)
  A giant cockroach (D:1)
  8 goblins
  A hobgoblin (D:2)
  A quokka (D:1)
  2 bats (D:1)
  A frilled lizard (D:1)
  2 kobolds
  3 rats
22 creatures vanquished.

Vanquished Creatures (others)
  48 foxfires
48 creatures vanquished.

Grand Total: 70 creatures vanquished

Notes
Turn   | Place    | Note
-------+----------+-------------------------------------------
     0 | D:1      | unlimited1921 the Djinni Fire Elementalist began the quest
                  | for the Orb.
     0 | D:1      | Reached XP level 1. HP: 15/15 MP: 0/0
   807 | D:1      | Reached XP level 2. HP: 18/21 MP: 0/0
  2124 | D:2      | Reached XP level 3. HP: 19/26 MP: 0/0
  2124 | D:2      | Learned a level 1 spell: Sandblast
  2128 | D:2      | Reached skill level 3 in Spellcasting
  2131 | D:2      | Shot with a stone by a goblin

Illustrated notes

Levels and vault maps discovered:
D:1:      eino_arrival_cavern_b, layout_rooms
D:2:      layout_loops_ring, kennysheep_generic_room_16, uniq_robin

Skill      XL: |  1  2  3 |
---------------+----------+-----
Spellcasting   | 3 |  3.0
Fighting       | |  0.8
Dodging        | |  2.3
Stealth        | |  1.7

Action                   || total
-------------------------++-------
Melee: Dagger            ||     1
 Cast: Foxfire           ||    28
       Scorch            ||     7
Dodge: Dodged            ||     3
